 Dungeon Crawl Stone Soup version 0.14-a0-736-g2a71271 (webtiles) character file.

6685 JacquesDerrida the Frost Mage (level 10, 0/63 HPs)
             Began as a Demonspawn Ice Elementalist on Nov 7, 2013.
             Was an Initiate of Sif Muna.
             Slain by a kobold
             ... wielding a +2,+1 short sword of electrocution
              (12 damage)
             ... on Level 10 of the Dungeon.
             The game lasted 00:35:34 (7581 turns).

JacquesDerrida the Frost Mage (DsIE)                Turns: 7581, Time: 00:35:34

HP   0/63        AC 14     Str 10      XL: 10   Next: 61%
MP  19/29        EV 13     Int 18      God: Sif Muna [......]
Gold 481         SH  0     Dex 17      Spells:  4 memorised,  6 levels left

Res.Fire  : . . .   See Invis. : .   k - +5,+2 elf dagger (venom)
Res.Cold  : . . .   Warding    : .   A - +2 leather armour {MR+}
Life Prot.: . . .   Conserve   : +   (no shield)
Res.Poison: .       Res.Corr.  : .   (helmet restricted)
Res.Elec. : .       Clarity    : .   L - +0 cloak
Sust.Abil.: . .     Spirit.Shd : .   P - +0 pair of gauntlets
Res.Mut.  : .       Stasis     : .   (no boots)
Res.Rott. : .       Flight     : .   w - amulet of conservation {unknown}
Saprovore : . . .                    I - ring of magical power
                                     f - +3 ring of dexterity

@: burdened, icy armour, slow, quite resistant to hostile enchantments, very
unstealthy
A: antennae 2, EV +2
a: Renounce Religion


You were on level 10 of the Dungeon.
You worshipped Sif Muna.
Sif Muna was noncommittal.
You were encumbered.
You were not hungry.

You visited 2 branches of the dungeon, and saw 11 of its levels.

You collected 481 gold pieces.

Inventory:

Hand weapons
 k - a +5,+2 elven dagger of venom (weapon)
 q - a +2,+1 flail of holy wrath
 u - a cursed -1,-2 flail
 x - a +0,+1 falchion of flaming
 G - a +1,+5 orcish flail
Missiles
 r - 3 exploding darts (quivered)
Armour
 A - a +2 leather armour of magic resistance (worn)
 J - a +1 orcish leather armour of fire resistance
 L - a +0 cloak (worn)
 P - a +0 pair of gauntlets (worn)
Magical devices
 l - a wand of random effects (14)
 t - a wand of teleportation (6)
 y - a wand of fireball (0)
 B - a wand of cold (5)
 K - a wand of draining (5)
Comestibles
 c - 7 bread rations
 g - 7 meat rations
 D - 5 snozzcumbers
Scrolls
 e - 2 scrolls of curse armour
 h - 2 scrolls of enchant weapon I
 j - a scroll of noise
 n - 7 scrolls of identify
 s - 3 scrolls of remove curse
 M - a scroll of blinking
Jewellery
 a - an uncursed ring of protection from magic
 f - a +3 ring of dexterity (left hand)
 v - an uncursed ring of protection from magic
 w - an amulet of conservation (around neck) {unknown}
 F - an uncursed amulet of stasis
 I - a ring of magical power (right hand)
Potions
 i - a potion of heal wounds
 m - 7 potions of curing
 o - 2 potions of restore abilities
 p - 3 potions of might
 z - a potion of brilliance {unknown}
 C - a potion of magic {unknown}
 E - a potion of mutation {unknown}
 H - a potion of speed {unknown}
Books
 b - a book of Frost

   Spells                             Type                      Level
   *Freeze                            Ice                          1
   *Throw Frost                       Conjuration/Ice              2
   *Ozocubu's Armour                  Charms/Ice                   3
   *Throw Icicle                      Conjuration/Ice              4
   Summon Ice Beast                   Ice/Summoning                4
   Condensation Shield                Ice                          4
 d - a book of Envenomations

   Spells                             Type                      Level
   Spider Form                        Transmutation/Poison         3
   Poison Weapon                      Charms/Poison                3
   Summon Scorpions                   Summoning/Poison             4
   Olgreb's Toxic Radiance            Poison                       4
   Poisonous Cloud                    Conjuration/Poison/Air       6
 N - a book of Maledictions

   Spells                             Type                      Level
   Corona                             Hexes                        1
   Sure Blade                         Hexes/Charms                 2
   Ensorcelled Hibernation            Hexes/Ice                    2
   Confuse                            Hexes                        3
   Enslavement                        Hexes                        4
   Invisibility                       Hexes                        6


   Skills:
 - Level 1.7 Dodging
 - Level 1.7 Stealth
 - Level 3.8 Spellcasting
 + Level 9.4 Conjurations
 - Level 2.5 Charms
 + Level 11.3 Ice Magic


You had 6 spell levels left.
You knew the following spells:

 Your Spells              Type           Power        Failure   Level  Hunger
a - Freeze                Ice            ####         1%          1    None
b - Ozocubu's Armour      Chrm/Ice       ####......   2%          3    ###....
c - Throw Frost           Conj/Ice       #####.       1%          2    ##.....
d - Throw Icicle          Conj/Ice       #####...     2%          4    ####...


Dungeon Overview and Level Annotations

Branches:
Dungeon (10/27)            Temple (1/1) D:5             Orc (0/4) D:6
   Lair: D:8-13

Altars:
Ashenzari
Cheibriados
Elyvilon
Fedhas
Kikubaaqudgha
Makhleb
Nemelex Xobeh
Okawaru
Sif Muna
Trog
Vehumet
Xom
Yredelemnul
Zin
the Shining One

Annotations:
D:3 Grinder
D:6 Malachi's ghost, experienced DrTm


Innate Abilities, Weirdness & Mutations

You have a pair of antennae on your head.
You are surrounded by a mild repulsion field (EV +2).


Message History

Confirm with . or Enter, or press ? or * to list all spells.
Aiming: Freeze
Press: ? - help, Shift-Dir - straight line, f/p - big kobold
Aim: a big kobold, wielding an orcish club (heavily wounded)
You freeze the big kobold.
The big kobold is almost dead.
The big kobold misses you. The kobold barely misses you.
The kobold hits you but does no damage.
You are electrocuted!
* * * LOW HITPOINT WARNING * * *
Casting: Freeze
Confirm with . or Enter, or press ? or * to list all spells.
Aiming: Freeze
Press: ? - help, Shift-Dir - straight line, f/p - big kobold
Aim: a big kobold, wielding an orcish club (almost dead)
You freeze the big kobold.
You kill the big kobold!
The kobold hits you.
* * * LOW HITPOINT WARNING * * *
The kobold hits you but does no damage.
You are electrocuted!
You die...

. ...# ...
...## ....#
#...# ......
##...# .K...
#....#
...K...##.(.#
... ##..(.<#
......#)KK.###
.......)@..#
.......?...#
.........##
.......###
....### ###


You could see 2 kobolds.

Vanquished Creatures
  A hydra (D:8)
  Maurice (D:9)
  A troll (D:9)
  Prince Ribbit (D:8)
  2 yaks (D:8)
  Eustachio (D:8)
  Grum (D:8)
  A hippogriff (D:8)
  3 hungry ghosts
  4 wolves (D:8)
  A manticore (D:9)
  An orc warrior (D:6)
  A sky beast (D:5)
  3 ice beasts
  6 ogres
  A centaur (D:10)
  Duvessa (D:4)
  A giant frog (D:8)
  4 big kobolds
  Blork the orc (D:4)
  A water moccasin (D:8)
  A hippogriff skeleton (D:8)
  2 crimson imps (D:5)
  Dowan (D:4)
  8 hounds
  3 orc priests
  5 orc wizards
  A jelly (D:9)
  A goliath beetle (D:8)
  3 scorpions
  A gnoll shaman (D:8)
  An iguana (D:6)
  2 sheep (D:8)
  10 worker ants
  Ijyb (D:2)
  A hound skeleton (D:5)
  A mummy (D:8)
  3 gnolls (D:8)
  7 adders
  A giant centipede (D:9)
  A steam dragon skeleton (D:9)
  A giant mite (D:7)
  4 worms
  A grey rat (D:2)
  A giant eyeball (D:6)
  5 giant geckos
  19 orcs
  11 bats
  5 giant cockroaches
  8 hobgoblins
  8 jackals
  5 quokkas
  7 giant newts
  A giant newt skeleton (D:4)
  A giant spore (D:4)
  9 goblins
  17 kobolds
  An orc zombie (D:9)
  24 rats
  3 ballistomycetes (D:4)
222 creatures vanquished.

Vanquished Creatures (others)
  Sigmund (D:4)
1 creature vanquished.

Grand Total: 223 creatures vanquished

Notes
Turn   | Place    | Note
--------------------------------------------------------------
     0 | D:1      | JacquesDerrida, the Demonspawn Ice Elementalist, began the quest for the Orb.
     0 | D:1      | Reached XP level 1. HP: 13/13 MP: 3/3
   136 | D:1      | Reached skill level 3 in Ice Magic
   339 | D:1      | Gained mutation: You are surrounded by a mild repulsion field (EV +2). [demonic ancestry]
   339 | D:1      | Reached XP level 2. HP: 14/19 MP: 2/4
   845 | D:2      | Reached XP level 3. HP: 22/24 MP: 1/5
  1032 | D:2      | Reached skill level 4 in Ice Magic
  1077 | D:2      | Noticed Ijyb
  1090 | D:2      | Killed Ijyb
  1246 | D:2      | Reached XP level 4. HP: 26/30 MP: 7/7
  1455 | D:3      | HP: 1/30 [orc priest/divine providence (11)]
  1709 | D:3      | Reached skill level 5 in Ice Magic
  1833 | D:3      | Learned a level 3 spell: Ozocubu's Armour
  1911 | D:3      | Noticed Grinder
  1921 | D:3      | Paralysed by Grinder for 7 turns
  2206 | D:4      | Gained mutation: You have a pair of small antennae on your head. [demonic ancestry]
  2206 | D:4      | Reached XP level 5. HP: 28/35 MP: 0/8
  2276 | D:4      | Noticed Sigmund
  2279 | D:4      | Noticed Dowan
  2285 | D:4      | Killed Sigmund
  2292 | D:4      | Killed Dowan
  2292 | D:4      | Reached skill level 6 in Ice Magic
  2402 | D:3      | Reached XP level 6. HP: 8/41 MP: 1/9
  2720 | D:4      | Got a faintly glowing ring mail
  2725 | D:4      | Identified the cursed -5 ring mail "Jock" {Str+2 Dex+3} (You took it off a kobold on level 4 of the Dungeon)
  2874 | D:4      | Reached skill level 7 in Ice Magic
  2874 | D:4      | Gained mutation: You have a pair of antennae on your head. [demonic ancestry]
  2874 | D:4      | Reached XP level 7. HP: 32/46 MP: 10/13
  2962 | D:4      | Noticed Blork the orc
  2981 | D:4      | Killed Blork the orc
  3009 | D:4      | Noticed Duvessa
  3024 | D:4      | Killed Duvessa
  3248 | D:5      | Entered Level 5 of the Dungeon
  3368 | D:5      | Reached skill level 8 in Ice Magic
  3571 | D:5      | Found a staircase to the Ecumenical Temple.
  3607 | Temple   | Entered the Ecumenical Temple
  3808 | D:5      | Reached XP level 8. HP: 16/52 MP: 6/15
  3886 | D:5      | Learned a level 2 spell: Throw Frost
  3891 | D:5      | Learned a level 4 spell: Throw Icicle
  4150 | D:6      | Reached skill level 9 in Ice Magic
  4505 | D:6      | Found a staircase to the Orcish Mines.
  4638 | D:6      | Noticed Malachi's ghost (experienced DrTm)
  4737 | D:6      | Paralysed by a giant eyeball for 4 turns
  4744 | D:6      | Paralysed by a giant eyeball for 4 turns
  4752 | D:6      | Paralysed by a giant eyeball for 2 turns
  5105 | D:7      | Found a glowing golden altar of the Shining One.
  5155 | D:7      | Found an iron altar of Okawaru.
  5212 | D:7      | Reached XP level 9. HP: 44/57 MP: 8/16
  5318 | D:7      | Reached skill level 5 in Conjurations
  5626 | D:8      | Reached skill level 10 in Ice Magic
  5708 | D:8      | Noticed Eustachio
  5781 | D:8      | Killed Eustachio
  5984 | D:8      | Noticed Grum
  6000 | D:8      | Reached skill level 1 in Charms
  6070 | D:8      | Noticed Prince Ribbit
  6079 | D:8      | Killed Prince Ribbit
  6176 | D:8      | Killed Grum
  6515 | D:8      | Reached XP level 10. HP: 63/63 MP: 20/20
  6696 | D:8      | Noticed a three-headed hydra
  6708 | D:8      | Killed a hydra
  6914 | D:9      | Reached skill level 11 in Ice Magic
  7291 | D:9      | Found an ancient bone altar of Kikubaaqudgha.
  7292 | D:9      | Found a deep blue altar of Sif Muna.
  7292 | D:9      | Noticed Maurice
  7299 | D:9      | Killed Maurice
  7308 | D:9      | Became a worshipper of Sif Muna the Loreminder
  7566 | D:10     | Entered Level 10 of the Dungeon
  7581 | D:10     | Slain by a kobold

Action                   |  1- 3 |  4- 6 |  7- 9 | 10-12 || total
-------------------------+-------+-------+-------+-------++-------
Melee: Unarmed           |    15 |       |       |       ||    15
       Dagger            |    45 |   139 |   136 |    10 ||   330
       Flail             |       |       |    47 |    37 ||    84
       Falchion          |       |       |       |     4 ||     4
Throw: Dart              |       |     1 |       |       ||     1
 Cast: Freeze            |    34 |    69 |   228 |    52 ||   383
       Ozocubu's Armour  |       |       |    14 |     8 ||    22
       Throw Icicle      |       |       |     7 |    13 ||    20
       Throw Frost       |       |       |     8 |     4 ||    12
Evoke: Wand              |       |     1 |    24 |       ||    25
  Use: Potion            |       |     7 |     2 |       ||     9
       Scroll            |       |     5 |    12 |     2 ||    19
 Stab: Sleeping          |     3 |     3 |     2 |     1 ||     9
       Paralysed         |       |       |     2 |       ||     2
